 Dungeon Crawl Stone Soup version 0.28.0-53-g5a82cb258f (webtiles) character file.

Game seed: 8142743229286514050

21 Plasmagod the Chopper (level 2, 0/27 HPs)
             Began as a Minotaur Fighter on July 30, 2022.
             Succumbed to a kobold's poison
             ... on level 2 of the Dungeon.
             The game lasted 00:01:31 (1309 turns).

Plasmagod the Chopper (Minotaur Fighter)            Turns: 1309, Time: 00:01:31

Health: 0/27       AC:  9    Str: 20    XL:     2   Next: 65%
Magic:  1/1        EV:  7    Int:  5    God:
Gold:   10         SH:  4    Dex:  9    Spells: 1/1 levels left

rFire   . . .      SeeInvis .   a - +0 war axe
rCold   . . .      Faith    .   c - +0 buckler
rNeg    . . .      Spirit   .   e - +0 chain mail
rPois   .          Reflect  .   (helmet restricted)
rElec   .          Harm     .   (no cloak)
rCorr   .          Rampage  .   (no gloves)
Will    .....                   (no boots)
Stlth   ..........              (no amulet)
HPRegen 0.09/turn               (no ring)
MPRegen 0.07/turn               (no ring)

@: lethally poisoned (0 -> -2)
A: horns 2, retaliatory headbutt
a: no special abilities


You were on level 2 of the Dungeon.
You visited 1 branch of the dungeon, and saw 2 of its levels.

You collected 10 gold pieces.

Inventory:

Hand Weapons
 a - a +0 war axe (weapon)
Armour
 c - a +0 buckler (worn)
 e - a +0 chain mail (worn)
Scrolls
 b - a scroll of amnesia {unknown}
 f - a scroll of teleportation {unknown}
 g - a scroll of identify {unknown}
Potions
 d - a potion of might


   Skills:
 - Level 3.6 Fighting
 + Level 3.9 Axes
 - Level 3.6 Armour
 - Level 3.6 Shields


You had one spell level left.
You didn't know any spells.
Your spell library contained the following spells:

 Spells                   Type           Power      Damage    Failure   Level
 Ensorcelled Hibernation  Hex/Ice        0%         N/A       100%        2
 Passwall                 Tmut/Erth      0%         N/A       100%        2
 Swiftness                Air            0%         N/A       100%        3
 Dispersal                Tloc           0%         N/A       100%        6
 Disjunction              Tloc           0%         N/A       100%        8


Dungeon Overview and Level Annotations

Branches:
Dungeon (2/15)

Altars:


Innate Abilities, Weirdness & Mutations

You have a pair of horns on your head.
You reflexively headbutt those who attack you in melee.


Message History

Done exploring.
There is a stone staircase leading down here.
You climb downwards.
The kobold shouts!
Found a scroll labelled ETEIZOOH IRAU.
Found a stone staircase leading down.
There is a stone staircase leading up here.
The bat hits you but does no damage.
You closely miss the bat. The bat barely misses you. You furiously retaliate!
You headbutt the bat.
You kill the bat!
A gnoll comes into view. It is wielding a +0 club.
The gnoll shouts!
A goblin comes into view. It is wielding a +0 club.
You closely miss the kobold.
The kobold hits you with a +1 short sword of venom.
You are poisoned.
You slash the kobold!
You kill the kobold!
You feel very sick.
You feel sick.
You feel sick.
There is a stone staircase leading up here.
You feel sick.
You hit the gnoll but do no damage.
You feel sick. The gnoll closely misses you. The gnoll hits you with a +0 club.
You are too injured to fight recklessly!
You hit the gnoll. You headbutt the gnoll.
The gnoll is moderately wounded.
You closely miss the goblin.
You feel sick. The goblin hits you with a +0 club.
* * * LOW HITPOINT WARNING * * *
The gnoll hits you with a +0 club.
* * * LOW HITPOINT WARNING * * *
Press: ? - help, v - describe, . - travel
Here: a gnoll, wielding a +0 club (moderately wounded)
The floor.
You barely miss the gnoll.
The gnoll is moderately wounded.
You hit the goblin.
You kill the goblin!
You die...

##### #.....####
# .........# ..
8.....8..# .#
.........####.#
..............
...>....)..###...
.......†g@?......
......).#####....
8.....8.# #
........#
.#..##### #.. ..
.


You could see a gnoll.

Vanquished Creatures
  A dart slug (D:1)
  An endoplasm (D:1)
  A goblin (D:2)
  3 hobgoblins (D:1)
  4 jackals (D:1)
  3 kobolds
  A quokka (D:1)
  A ball python (D:1)
  A bat (D:2)
  A frilled lizard (D:1)
17 creatures vanquished.

Notes
Turn   | Place    | Note
-------+----------+-------------------------------------------
     0 | D:1      | Plasmagod the Minotaur Fighter began the quest for the Orb.
     0 | D:1      | Reached XP level 1. HP: 19/19 MP: 0/0
   313 | D:1      | Reached XP level 2. HP: 27/27 MP: 1/1
  1308 | D:2      | HP: 1/27 [gnoll/+0 club (5)]
  1309 | D:2      | Succumbed to a kobold's poison

Illustrated notes

Levels and vault maps discovered:
D:1:      dpeg_arrival_arbitrary_c, layout_basic, bh_walls_and_bars
D:2:      layout_rooms, nicolae_ecumenical_snake_handling, basic_altar,
          st_stairs_1, cheibrodos_gnoll_hut, uniq_jessica

Skill      XL: |  1 |
---------------+----+-----
Axes           | 3 |  3.9
Fighting       | |  3.6
Armour         | |  3.6
Shields        | |  3.6

Action                   || total
-------------------------++-------
Melee: War axe           ||    32
       Headbutt          ||     3
Armor: Chain mail        ||    11
Dodge: Dodged            ||    16
Block: Buckler           ||     4
